 Dungeon Crawl Stone Soup version 0.24.1-14-gf8d2b509d9 (webtiles) character file.

Game seed: 9332053062527565238, levelgen mode: deterministic

121 Mattiprrivan the Cutter (level 5, -3/31 HPs)
             Began as a Kobold Gladiator on Nov 19, 2019.
             Slain by Crazy Yiuf
             ... wielding a +2 quarterstaff of chaos
              (8 damage)
             ... on level 2 of the Dungeon on Dec 25, 2020.
             The game lasted 00:34:15 (1455 turns).

Mattiprrivan the Cutter (Kobold Gladiator)          Turns: 1455, Time: 00:34:16

Health: -3/31      AC:  4    Str: 11    XL:     5   Next: 26%
Magic:  2/5        EV: 16    Int: 10    God:
Gold:   98         SH:  0    Dex: 17    Spells: 4/4 levels left

rFire    . . .     SeeInvis .   a - +0 rapier
rCold    . . .     Gourm    .   (shield restricted)
rNeg     . . .     Faith    .   b - +0 leather armour
rPois    +         Spirit   .   c - +0 helmet
rElec    .         Reflect  .   (no cloak)
rCorr    .         Harm     .   (no gloves)
MR       .....                  (no boots)
Stlth    +++.......             (no amulet)
HPRegen  0.00/turn              e - ring of wizardry
MPRegen  0.09/turn              n - ring of stealth

@: no status effects
A: small, carnivore, high mp 1, poison resistance, inhibited regeneration, wild
magic 1
a: no special abilities


You were on level 2 of the Dungeon.
You were very full.

You visited 1 branch of the dungeon, and saw 2 of its levels.

You collected 98 gold pieces.

Inventory:

Hand Weapons
 a - a +0 rapier (weapon)
 f - a +0 halberd
 g - a +1 hunting sling of velocity
Missiles
 i - 39 poisoned darts (quivered)
 k - 9 javelins
 l - 14 sling bullets
Armour
 b - a +0 leather armour (worn)
 c - a +0 helmet (worn)
 h - a +0 ring mail
 j - a +0 buckler
Jewellery
 e - a ring of wizardry (left hand)
 n - a ring of stealth (right hand)
Potions
 o - a potion of degeneration
Comestibles
 d - a ration


   Skills:
 + Level 2.4 Fighting
 + Level 5.0 Short Blades
 * Level 1.6(2.2) Slings
 + Level 2.4(2.8) Throwing
 + Level 0.3 Armour
 + Level 4.5 Dodging
 * Level 2.6 Stealth


You had 4 spell levels left.
You didn't know any spells.
Your spell library was empty.

Dungeon Overview and Level Annotations

Branches:
Dungeon (2/15)

Altars:

Annotations:
D:2 Crazy Yiuf


Innate Abilities, Weirdness & Mutations

You are small and have problems with some larger weapons.
You are carnivorous and can eat meat at any time.
You have an increased reservoir of magic. (+10% MP)
Your system is resistant to poisons. (rPois)
You do not regenerate when monsters are visible.
Your spells are a little harder to cast, but a little more powerful.


Message History

Press: ? - help, Shift-Dir - straight line, f/p - Crazy Yiuf
Aim: Crazy Yiuf, wielding a +2 quarterstaff of chaos and wearing a +0 cloak (lightly wounded, poisoned)
You throw a poisoned dart. The poisoned dart hits Crazy Yiuf.
Crazy Yiuf is lightly wounded.
Crazy Yiuf barely misses you.
Throwing (i - inventory)
i - 41 poisoned darts (quivered)
Press: ? - help, Shift-Dir - straight line, f/p - Crazy Yiuf
Aim: Crazy Yiuf, wielding a +2 quarterstaff of chaos and wearing a +0 cloak (moderately wounded, poisoned)
You throw a poisoned dart. The poisoned dart hits Crazy Yiuf.
Crazy Yiuf looks even sicker.
Crazy Yiuf is moderately wounded.
Crazy Yiuf closely misses you.
Throwing (i - inventory)
i - 40 poisoned darts (quivered)
Press: ? - help, Shift-Dir - straight line, f/p - Crazy Yiuf
Aim: Crazy Yiuf, wielding a +2 quarterstaff of chaos and wearing a +0 cloak (almost dead)
You throw a poisoned dart. The poisoned dart hits Crazy Yiuf.
Crazy Yiuf is poisoned.
Crazy Yiuf is almost dead.
Crazy Yiuf hits you with a +2 quarterstaff of chaos!
You die...

..################
.................#
.###############.#
...# #.# )#.# #.#
.#.# #.# .#.# #.#
#### ###.### #..@..#
♣♣♣♣♣###.#g#.# ##
♣♣♣.♣.P.#....#.#
...#♣((♣..P(...###.#
..('.♣♣♣♣P.........#
)(.#♣♣ ♣♣P.#.######
## ♣♣####


You could see Crazy Yiuf.

Vanquished Creatures
  Terence (D:2)
  Ijyb (D:2)
  A gnoll (D:1)
  A worm (D:2)
  4 dart slugs
  A leopard gecko (D:1)
  8 goblins
  8 hobgoblins
  8 kobolds
  A ball python (D:2)
  6 bats (D:1)
  4 frilled lizards
  2 rats
46 creatures vanquished.

Notes
Turn   | Place    | Note
-------+----------+-------------------------------------------
     0 | D:1      | Mattiprrivan the Kobold Gladiator began the quest for the
                  | Orb.
     0 | D:1      | Reached XP level 1. HP: 12/12 MP: 1/1
    55 | D:1      | Reached XP level 2. HP: 14/17 MP: 2/2
    83 | D:1      | Reached XP level 3. HP: 9/21 MP: 3/3
    94 | D:1      | Upgraded the game from 0.24.0-35-gdb84b6a5db to
                  | 0.24.0-37-gcf1ca852f1
   101 | D:1      | Upgraded the game from 0.24.0-37-gcf1ca852f1 to
                  | 0.24.1-14-gf8d2b509d9
   353 | D:1      | Gained mutation: You have an increased reservoir of magic.
                  | (+10% MP) [potion of mutation]
   353 | D:1      | Gained mutation: You do not regenerate when monsters are
                  | visible. [potion of mutation]
   353 | D:1      | Gained mutation: Your system is resistant to poisons.
                  | (rPois) [potion of mutation]
   353 | D:1      | Gained mutation: Your spells are a little harder to cast,
                  | but a little more powerful. [potion of mutation]
   896 | D:2      | Reached XP level 4. HP: 26/26 MP: 4/4
   917 | D:2      | Noticed Terence
   923 | D:2      | Killed Terence
   923 | D:2      | Reached skill level 5 in Short Blades
   923 | D:2      | Reached skill level 1 in Slings
   923 | D:2      | Reached skill level 1 in Stealth
  1275 | D:2      | Noticed Ijyb
  1295 | D:2      | Paralysed by Ijyb for 5 turns
  1307 | D:2      | Paralysed by Ijyb for 7 turns
  1316 | D:2      | Killed Ijyb
  1316 | D:2      | Reached XP level 5. HP: 25/31 MP: 5/5
  1420 | D:2      | Found a runed translucent door.
  1423 | D:2      | Noticed Crazy Yiuf
  1455 | D:2      | Slain by Crazy Yiuf

Levels and vault maps discovered:
D:1:      dpeg_arrival_line_fractal, layout_loops_cross
D:2:      kennysheep_the_goblin_king, layout_loops_ring, lemuel_crystal_altar,
          uniq_terence, uniq_crazy_yiuf_cottage

Skill      XL: |  1  2  3  4 |
---------------+-------------+-----
Dodging        | 4 |  4.5
Short Blades   | 5 |  5.0
Slings         | 1 |  1.6
Stealth        | 2 |  2.6
Fighting       | |  2.4
Throwing       | |  2.4
Armour         | |  0.3

Action                   |  1- 3 |  4- 6 || total
-------------------------+-------+-------++-------
Melee: Rapier            |    67 |    11 ||    78
 Fire: Hunting sling     |    16 |    38 ||    54
Throw: Throwing net      |     5 |     1 ||     6
       Dart              |       |     8 ||     8
  Use: Potion            |     3 |     3 ||     6
       Scroll            |     1 |     1 ||     2
 Stab: Invisible         |     1 |       ||     1
       Held in net/web   |       |     1 ||     1
  Eat: Ration            |     2 |     2 ||     4
Armor: Leather armour    |    11 |    11 ||    22
Dodge: Dodged            |    58 |    22 ||    80
